 Dungeon Crawl Stone Soup version 0.28-a0-1510-gd0f6b136d3 (webtiles) character file.

Game seed: 4796118771075892517

61 psuckher the Digger (level 4, -5/24 HPs)
             Began as a Gargoyle Earth Elementalist on Jan 15, 2022.
             Slain by a gnoll (11 damage)
             ... on level 2 of the Dungeon.
             The game lasted 00:06:47 (892 turns).

psuckher the Digger (Gargoyle Earth Elementalist)    Turns: 892, Time: 00:06:48

Health: -5/24      AC:  5    Str: 12    XL:     4   Next: 7%
Magic:  2/7        EV: 12    Int: 17    God:
Gold:   8          SH:  0    Dex: 10    Spells: 6/7 levels left

rFire   x . .      SeeInvis .   a - +0 dagger (drain)
rCold   + . .      Faith    .   (no shield)
rNeg    + . .      Spirit   .   b - +0 robe
rPois   ∞          Reflect  .   (no helmet)
rElec   +          Harm     .   (no cloak)
rCorr   .          Rampage  .   (no gloves)
Will    .....                   (no boots)
Stlth   ++........              (no amulet)
HPRegen 0.08/turn               d - ring of ice
MPRegen 0.10/turn               (no ring)

@: no status effects
A: sickness immunity, AC +3, negative energy resistance 1, electricity
resistance, torment resistance 1, petrification resistance
a: no special abilities


You were on level 2 of the Dungeon.
You visited 1 branch of the dungeon, and saw 2 of its levels.

You collected 8 gold pieces.

Inventory:

Hand Weapons
 a - a +0 dagger of draining (weapon)
Missiles
 c - 9 stones
Armour
 b - a +0 robe (worn)
Magical Staves
 f - a staff of earth
Jewellery
 d - a ring of ice (left hand)
Scrolls
 e - a scroll of amnesia


   Skills:
 + Level 0.2 Fighting
 + Level 2.0 Dodging
 + Level 2.3 Stealth
 + Level 0.4 Unarmed Combat
 + Level 2.4 Spellcasting
 + Level 0.7 Transmutations
 + Level 4.9 Earth Magic


You had 6 spell levels left.
You knew the following spells:

 Your Spells              Type           Power      Damage    Failure   Level
a - Sandblast             Erth           36%        2d10      2%          1

Your spell library contained the following spells:

 Spells                   Type           Power      Damage    Failure   Level
 Passwall                 Tmut/Erth      9%         N/A       9%          2
 Sting                    Tmut/Pois      12%        1d3       16%         1
 Stone Arrow              Conj/Erth      20%        3d8       21%         3
 Poisonous Vapours        Pois/Air       4%         N/A       28%         2
 Petrify                  Tmut/Erth      11%        N/A       50%         4
 Olgreb's Toxic Radiance  Pois           2%         N/A       88%         4


Dungeon Overview and Level Annotations

Branches:
Dungeon (2/15)

Altars:


Innate Abilities, Weirdness & Mutations

You are immune to sickness and miasma.
Your stone body is resilient. (AC +3)
You are immune to poison.
You resist negative energy. (rN+)
You are resistant to electric shocks. (rElec)
You are resistant to unholy torment.
You are immune to petrification.


Message History

The gnoll is severely wounded.
The gnoll misses you.
Aiming: Sandblast (safe; 2% risk of failure)
Press: ? - help, Q - select action, (/) - cycle Shift-Dir - straight line, f/p - gnoll
Aim: a gnoll, wielding a +0 flail (severely wounded, 82% to hit)
The blast of sand hits the gnoll!
You kill the gnoll!
You have reached level 4!
You feel stronger.
Aiming: Sandblast (safe; 2% risk of failure)
Press: ? - help, Q - select action, (/) - cycle Shift-Dir - straight line, f - endoplasm
Aim: an endoplasm (98% to hit)
The blast of sand hits the endoplasm.
The endoplasm is heavily wounded.
A gnoll comes into view. It is wielding a +0 halberd.
The endoplasm closely misses you.
Aiming: Sandblast (safe; 2% risk of failure)
Press: ? - help, Q - select action, (/) - cycle Shift-Dir - straight line, f/p - endoplasm
Aim: an endoplasm (heavily wounded, 98% to hit)
The blast of sand hits the endoplasm.
The endoplasm is almost dead.
The endoplasm hits you but does no damage.
You hit the endoplasm but do no damage. You drain the endoplasm.
You kill the endoplasm!
You barely miss the gnoll. The gnoll barely misses you.
You see here 13 stones.
You hit the gnoll. You drain the gnoll.
The gnoll is heavily wounded.
The gnoll misses you. The gnoll closely misses you.
You hit the gnoll. You drain the gnoll.
The gnoll is almost dead.
The gnoll hits you with a +0 halberd!
Ouch! That really hurt!
The gnoll hits you with a +0 whip.
* * * LOW HITPOINT WARNING * * *
You hit the gnoll.
You kill the gnoll!
The gnoll hits you with a +0 halberd!
You die...

# ######## . #...####......#
#.....#
#.............###.....#
..#.#.#.#.#.#........
............##....
#.#.#.#.#.#.#.#.#..#+#
#..........).g).#..#.# ###
.#.#.#.#.#.#.#@#...#.#...#
..........)....#.#...###
#.#.#.#.#.#.#.#...........
.................##.#######
.#.#.#.#[#.#.#.#.#..........
................#.#######
#.#.#.#.#.#.#.#.#..#
...........# #.#.#.#.#.#.#


You could see a gnoll.

Vanquished Creatures
  2 gnolls (D:2)
  An adder (D:2)
  2 dart slugs (D:1)
  4 ball pythons
  3 endoplasms
  4 giant cockroaches (D:1)
  3 hobgoblins (D:1)
  2 kobolds (D:1)
  A quokka (D:1)
  5 bats (D:1)
  3 frilled lizards (D:1)
  5 goblins
  3 rats (D:1)
38 creatures vanquished.

Vanquished Creatures (others)
  2 plants (D:1)
2 creatures vanquished.

Grand Total: 40 creatures vanquished

Notes
Turn   | Place    | Note
-------+----------+-------------------------------------------
     0 | D:1      | psuckher the Gargoyle Earth Elementalist began the quest
                  | for the Orb.
     0 | D:1      | Reached XP level 1. HP: 10/10 MP: 3/3
   149 | D:1      | Reached skill level 4 in Earth Magic
   149 | D:1      | Reached XP level 2. HP: 3/15 MP: 5/5
   459 | D:1      | Reached XP level 3. HP: 11/19 MP: 1/6
   882 | D:2      | Reached XP level 4. HP: 20/24 MP: 2/7
   892 | D:2      | Slain by a gnoll

Illustrated notes

Levels and vault maps discovered:
D:1:      tarquinn_simple_flora_water_a, layout_basic, moated_statue
D:2:      layout_basic, chequers_serial_rivers_micro_b, grunt_decor_arrowhead,
          hex_large

Skill      XL: |  1  2  3 |
---------------+----------+-----
Earth Magic    | 4 |  4.9
Dodging        | 2 |  2.0
Fighting       | |  0.2
Stealth        | |  2.3
Unarmed Combat | |  0.4
Spellcasting   | |  2.4
Transmutations | |  0.7

Action                   |  1- 3 |  4- 6 || total
-------------------------+-------+-------++-------
Melee: Unarmed           |    56 |       ||    56
       Dagger            |    23 |     5 ||    28
 Cast: Sandblast         |    35 |     2 ||    37
  Use: Scroll            |     2 |       ||     2
 Stab: Sleeping          |     1 |       ||     1
Armor: Robe              |    50 |     1 ||    51
Dodge: Dodged            |   109 |     4 ||   113

Table legend: (Time is in decaauts)
 A = Elapsed time spent in this place.
 B = Non-inter-level travel time spent in this place.
 C = Inter-level travel time spent in this place.
 D = Time resting spent in this place.
 E = Time spent auto-exploring this place.
 F = Levels seen in this place.
 G = Mean time per level.
                   A        B        C        D        E       F      G
               +--------+--------+--------+--------+--------+-----+--------+
         Total |    897 |    729 |    168 |      0 |      0 |   2 |  448.5 |
       Dungeon |    897 |    729 |    168 |      0 |      0 |   2 |  448.5 |
               +--------+--------+--------+--------+--------+-----+--------+

Top non-repeatable levels by time:
     D:1: 698 daAuts
     D:2: 198 daAuts
